[ AOE2 MATCH · #475945720 ]
UnrankedTeutons vs Mongols
[ REPLAY ANALYSIS · EXTRACTED FROM THE RECORDED GAME ]
Feudal
10:36
Castle
14:17
Imperial
29:58
| APM avg | 39.8 |
| APM peak | 97 |
| eAPM avg | 24.6 |
| Villagers / military | 275 / 428 |
Focus
⚔️ 26.9% · 🌾 73.1%
Knight ×224 · Spearman ×144 · Scout Cavalry ×51 · Trade Cart ×48 · Mangonel ×4 · Trebuchet (Packed) ×4
Feudal
11:49
Castle
17:16
Imperial
34:13
| APM avg | 40.2 |
| APM peak | 78 |
| eAPM avg | 22.4 |
| Villagers / military | 177 / 312 |
Focus
⚔️ 51.7% · 🌾 48.3%
Skirmisher ×164 · Longbowman ×133 · Trade Cart ×58 · Trebuchet (Packed) ×11 · Monk ×2 · Mangonel ×2
Feudal
10:56
Castle
15:41
Imperial
35:08
| APM avg | 40.0 |
| APM peak | 93 |
| eAPM avg | 20.9 |
| Villagers / military | 254 / 445 |
Focus
⚔️ 31.8% · 🌾 68.2%
Scout Cavalry ×323 · Mangudai ×78 · Trade Cart ×30 · Battering Ram ×26 · Mangonel ×18
Feudal
8:31
Castle
19:14
Imperial
32:39
| APM avg | 65.5 |
| APM peak | 107 |
| eAPM avg | 36.6 |
| Villagers / military | 139 / 795 |
Focus
⚔️ 30.4% · 🌾 69.6%
Scout Cavalry ×443 · Knight ×314 · Camel Scout ×25 · Trade Cart ×21 · Trebuchet (Packed) ×11 · Monk ×2
Feudal
9:59
Castle
20:59
Imperial
37:04
| APM avg | 43.8 |
| APM peak | 89 |
| eAPM avg | 25.0 |
| Villagers / military | 189 / 742 |
Focus
⚔️ 41.8% · 🌾 58.2%
Skirmisher ×554 · Archer ×125 · Spearman ×56 · Monk ×4 · Trebuchet (Packed) ×2 · Hand Cannoneer ×1
Feudal
10:16
Castle
14:00
Imperial
34:43
| APM avg | 39.8 |
| APM peak | 65 |
| eAPM avg | 20.6 |
| Villagers / military | 187 / 663 |
Focus
⚔️ 35.4% · 🌾 64.6%
Skirmisher ×326 · Spearman ×252 · Cavalry Archer ×75 · Trade Cart ×33 · Battering Ram ×3 · Trebuchet (Packed) ×3
Feudal
10:01
Castle
14:00
Imperial
31:39
| APM avg | 25.6 |
| APM peak | 47 |
| eAPM avg | 19.0 |
| Villagers / military | 193 / 571 |
Focus
⚔️ 29.7% · 🌾 70.3%
Scout Cavalry ×345 · Knight ×203 · Trade Cart ×34 · Battering Ram ×13 · Bombard Cannon ×7 · Scorpion ×2
Feudal
9:27
Castle
18:24
Imperial
34:29
| APM avg | 59.1 |
| APM peak | 98 |
| eAPM avg | 38.1 |
| Villagers / military | 475 / 447 |
Focus
⚔️ 39.3% · 🌾 60.7%
Spearman ×232 · Skirmisher ×126 · Elephant Archer ×70 · Hand Cannoneer ×8 · Militia ×7 · Trebuchet (Packed) ×2
Match map
Initial resources + every placement click. Lines = walls · curves = elevation contours. ◆ gold · ⬟ stone · ● berries · ✦ relic · ◌ wall gap
Your base· ✓ Closed at 14:17 · 0t walls · 4 gate(s)
钢铁兽's base· ✓ Closed at 17:16 · 2t walls · 2 gate(s)
Redwood MC9's base· ✓ Closed at 15:41 · 0t walls · 2 gate(s)
Juunku's base· ✓ Closed at 19:14 · 0t walls · 2 gate(s)
Lethe's base· ✓ Closed at 20:59 · 0t walls · 4 gate(s)
78088344's base· ✓ Closed at 14:00 · 1t walls · 3 gate(s)
Shelby Lane's base· ✓ Closed at 14:00 · 0t walls · 3 gate(s)
fs.como voce passou no concurso's base· ✓ Closed at 18:24 · 1t walls · 4 gate(s)
Smoothed initial terrain · ◌ = detected wall gap · hover for details
Inputs per minute
— nice001 - - 钢铁兽
Build order — nice001
First 150 of 760 actions detected
| 0:01 | Create | Villager (Male) |
| 0:01 | Create | Villager (Male) |
| 0:02 | Create | Villager (Male) |
| 0:02 | Create | Villager (Male) |
| 0:03 | Build | House |
| 0:05 | Build | House |
| 1:27 | Create | Villager (Male) |
| 1:27 | Create | Villager (Male) |
| 1:58 | Build | Lumber Camp |
| 2:07 | Create | Villager (Male) |
| 2:08 | Create | Villager (Male) |
| 2:28 | Create | Villager (Male) |
| 2:28 | Create | Villager (Male) |
| 3:00 | Create | Villager (Male) |
| 3:01 | Create | Villager (Male) |
| 3:20 | Create | Villager (Male) |
| 3:20 | Create | Villager (Male) |
| 3:37 | Create | Villager (Male) |
| 4:00 | Build | House |
| 4:02 | Build | House |
| 4:13 | Create | Villager (Male) |
| 4:14 | Create | Villager (Male) |
| 4:15 | Create | Villager (Male) |
| 4:15 | Create | Villager (Male) |
| 5:28 | Create | Villager (Male) |
| 5:28 | Create | Villager (Male) |
| 5:39 | Create | Villager (Male) |
| 5:40 | Create | Villager (Male) |
| 5:40 | Create | Villager (Male) |
| 5:55 | Build | Mill |
| 5:58 | Create | Villager (Male) |
| 7:09 | Create | Villager (Male) |
| 7:17 | Create | Villager (Male) |
| 8:04 | Research | Feudal Age |
| 9:02 | Build | House |
| 10:17 | Create | Villager (Male) |
| 10:17 | Create | Villager (Male) |
| 10:36 | Age | Feudal Age |
| 10:39 | Build | Market |
| 10:43 | Build | Blacksmith |
| 11:37 | Research | Castle Age |
| 11:38 | Research | Castle Age |
| 12:13 | Research | Horse Collar |
| 12:17 | Build | House |
| 12:20 | Build | House |
| 12:50 | Build | Farm |
| 12:52 | Build | Farm |
| 12:54 | Build | Farm |
| 12:57 | Build | Farm |
| 13:06 | Build | Farm |
| 13:09 | Build | Farm |
| 13:13 | Build | Farm |
| 13:15 | Create | Villager (Male) |
| 13:32 | Build | House |
| 13:40 | Create | Villager (Male) |
| 13:43 | Research | Double-Bit Axe |
| 13:48 | Create | Villager (Male) |
| 14:02 | Create | Villager (Male) |
| 14:10 | Build | House |
| 14:17 | Age | Castle Age |
| 14:31 | Build | Town Center |
| 15:15 | Create | Villager (Male) |
| 15:16 | Create | Villager (Male) |
| 15:17 | Create | Villager (Male) |
| 15:19 | Research | Bow Saw |
| 15:25 | Build | Farm |
| 15:42 | Build | Town Center |
| 15:44 | Create | Villager (Male) |
| 15:55 | Build | Farm |
| 16:11 | Build | Farm |
| 16:13 | Build | Farm |
| 16:14 | Create | Villager (Male) |
| 16:15 | Create | Villager (Male) |
| 16:18 | Build | Farm |
| 16:19 | Create | Villager (Male) |
| 16:30 | Build | Farm |
| 16:34 | Build | Farm |
| 16:37 | Create | Villager (Male) |
| 16:40 | Build | Farm |
| 16:47 | Create | Villager (Male) |
| 16:47 | Create | Villager (Male) |
| 16:50 | Build | Farm |
| 16:52 | Build | Farm |
| 17:01 | Build | Farm |
| 17:06 | Build | Farm |
| 17:07 | Create | Villager (Male) |
| 17:10 | Build | Farm |
| 17:14 | Create | Villager (Male) |
| 17:17 | Research | Loom |
| 17:27 | Create | Villager (Male) |
| 17:33 | Build | Mining Camp |
| 17:34 | Create | Villager (Male) |
| 17:43 | Create | Villager (Male) |
| 17:57 | Build | Mining Camp |
| 18:01 | Create | Villager (Male) |
| 18:03 | Create | Villager (Male) |
| 18:08 | Create | Villager (Male) |
| 18:15 | Build | Farm |
| 18:20 | Build | Farm |
| 18:25 | Create | Villager (Male) |
| 18:28 | Create | Villager (Male) |
| 18:35 | Build | Farm |
| 18:39 | Build | Farm |
| 18:40 | Create | Villager (Male) |
| 18:44 | Build | Farm |
| 18:44 | Create | Villager (Male) |
| 18:57 | Build | Farm |
| 19:02 | Build | Farm |
| 19:07 | Create | Villager (Male) |
| 19:12 | Create | Villager (Male) |
| 19:13 | Create | Villager (Male) |
| 19:19 | Create | Villager (Male) |
| 19:29 | Research | Heavy Plow |
| 19:30 | Research | Heavy Plow |
| 19:35 | Build | Farm |
| 19:38 | Build | Farm |
| 19:40 | Build | Farm |
| 19:41 | Create | Villager (Male) |
| 19:43 | Create | Villager (Male) |
| 19:50 | Build | House |
| 19:52 | Build | House |
| 19:53 | Create | Villager (Male) |
| 19:56 | Create | Villager (Male) |
| 20:01 | Create | Villager (Male) |
| 20:07 | Create | Villager (Male) |
| 20:11 | Build | Farm |
| 20:16 | Create | Villager (Male) |
| 20:16 | Create | Villager (Male) |
| 20:22 | Create | Villager (Male) |
| 20:23 | Create | Villager (Male) |
| 20:33 | Build | House |
| 20:35 | Build | House |
| 20:36 | Build | House |
| 20:37 | Build | House |
| 20:39 | Create | Villager (Male) |
| 20:39 | Create | Villager (Male) |
| 20:40 | Create | Villager (Male) |
| 20:49 | Research | Stone Mining |
| 20:58 | Create | Villager (Male) |
| 21:05 | Build | Farm |
| 21:06 | Create | Villager (Male) |
| 21:11 | Create | Villager (Male) |
| 21:19 | Research | Wheelbarrow |
| 21:19 | Research | Wheelbarrow |
| 21:27 | Create | Villager (Male) |
| 21:33 | Create | Villager (Male) |
| 21:35 | Create | Villager (Male) |
| 21:40 | Create | Villager (Male) |
| 21:57 | Create | Villager (Male) |
| 22:07 | Build | Town Center |
Build order — 钢铁兽
First 150 of 588 actions detected
| 0:02 | Create | Villager (Male) ×4 |
| 0:02 | Create | Villager (Male) ×4 |
| 0:03 | Build | House |
| 0:05 | Build | House |
| 1:23 | Create | Villager (Male) |
| 1:23 | Create | Villager (Male) |
| 1:54 | Create | Villager (Male) |
| 1:54 | Create | Villager (Male) |
| 1:56 | Build | Lumber Camp |
| 2:11 | Create | Villager (Male) |
| 2:50 | Create | Villager (Male) |
| 2:52 | Create | Villager (Male) |
| 2:52 | Create | Villager (Male) |
| 3:23 | Create | Villager (Male) |
| 3:23 | Create | Villager (Male) |
| 3:25 | Build | House |
| 3:34 | Build | House |
| 3:50 | Create | Villager (Male) |
| 3:50 | Create | Villager (Male) |
| 4:39 | Create | Villager (Male) |
| 4:39 | Create | Villager (Male) ×2 |
| 5:18 | Create | Villager (Male) |
| 5:18 | Create | Villager (Male) |
| 5:20 | Create | Villager (Male) |
| 5:20 | Create | Villager (Male) |
| 5:25 | Create | Villager (Male) |
| 5:25 | Create | Villager (Male) |
| 5:35 | Create | Villager (Male) |
| 5:55 | Create | Villager (Male) |
| 5:55 | Create | Villager (Male) |
| 5:58 | Create | Villager (Male) ×2 |
| 6:06 | Create | Villager (Male) |
| 6:24 | Build | Mill |
| 6:28 | Build | House |
| 6:53 | Create | Villager (Male) |
| 6:53 | Create | Villager (Male) ×3 |
| 7:09 | Build | Mining Camp |
| 7:15 | Create | Villager (Male) |
| 7:19 | Build | Farm |
| 7:24 | Build | Farm |
| 7:38 | Build | Farm |
| 7:45 | Create | Villager (Male) |
| 7:45 | Create | Villager (Male) |
| 8:13 | Build | Farm |
| 8:15 | Create | Villager (Male) ×3 |
| 8:16 | Create | Villager (Male) ×3 |
| 8:45 | Build | Mining Camp |
| 9:03 | Research | Feudal Age |
| 9:04 | Research | Feudal Age |
| 9:07 | Create | Villager (Male) |
| 9:09 | Research | Feudal Age |
| 9:15 | Build | House |
| 9:17 | Build | House |
| 9:38 | Build | Palisade Wall |
| 9:44 | Research | Loom |
| 9:56 | Build | House |
| 10:13 | Build | House |
| 11:49 | Age | Feudal Age |
| 11:50 | Create | Villager (Male) |
| 11:50 | Create | Villager (Male) |
| 11:55 | Build | Watch Tower |
| 12:02 | Create | Villager (Male) |
| 12:12 | Build | Barracks |
| 12:16 | Create | Villager (Male) |
| 12:21 | Create | Villager (Male) |
| 12:35 | Create | Villager (Male) |
| 12:37 | Research | Double-Bit Axe |
| 12:56 | Create | Villager (Male) |
| 13:00 | Build | Archery Range |
| 13:06 | Create | Villager (Male) |
| 13:52 | Build | Market |
| 14:31 | Build | Farm |
| 14:36 | Research | Castle Age |
| 14:36 | Research | Castle Age |
| 14:47 | Research | Gold Mining |
| 14:47 | Research | Gold Mining |
| 15:10 | Build | Palisade Gate |
| 15:41 | Build | Blacksmith |
| 15:43 | Build | Palisade Wall |
| 16:01 | Research | Town Watch |
| 16:28 | Build | Farm |
| 17:05 | Build | House |
| 17:16 | Age | Castle Age |
| 17:23 | Build | Castle |
| 17:35 | Research | Bow Saw |
| 17:36 | Research | Bow Saw |
| 17:37 | Research | Fletching |
| 17:37 | Research | Fletching |
| 17:38 | Create | Villager (Male) ×2 |
| 17:38 | Create | Villager (Male) ×2 |
| 17:58 | Create | Villager (Male) |
| 17:59 | Create | Villager (Male) |
| 18:12 | Build | Siege Workshop |
| 18:22 | Build | Siege Workshop |
| 18:27 | Create | Villager (Male) |
| 18:27 | Create | Villager (Male) |
| 18:32 | Build | Palisade Gate |
| 18:48 | Create | Villager (Male) |
| 18:51 | Build | Town Center |
| 18:57 | Create | Longbowman ×5 |
| 18:57 | Create | Longbowman ×5 |
| 18:58 | Create | Longbowman |
| 19:17 | Create | Villager (Male) |
| 19:17 | Create | Villager (Male) |
| 19:47 | Create | Villager (Male) |
| 19:47 | Create | Villager (Male) |
| 19:48 | Create | Mangonel |
| 19:55 | Build | Farm |
| 19:56 | Create | Villager (Male) |
| 19:57 | Create | Villager (Male) |
| 19:59 | Build | Farm |
| 20:07 | Create | Villager (Male) ×2 |
| 20:08 | Create | Villager (Male) |
| 20:34 | Create | Longbowman |
| 20:37 | Create | Longbowman |
| 20:46 | Create | Villager (Male) |
| 21:06 | Create | Villager (Male) ×2 |
| 21:08 | Create | Mangonel |
| 21:13 | Create | Villager (Male) |
| 21:13 | Create | Villager (Male) |
| 21:18 | Create | Villager (Male) |
| 21:18 | Create | Villager (Male) |
| 21:33 | Build | University |
| 21:40 | Create | Villager (Male) |
| 21:42 | Build | Farm |
| 21:54 | Create | Longbowman |
| 22:15 | Research | Bodkin Arrow |
| 22:15 | Research | Bodkin Arrow |
| 22:16 | Create | Villager (Male) |
| 22:16 | Create | Villager (Male) |
| 22:36 | Create | Villager (Male) |
| 22:47 | Build | Farm |
| 22:48 | Build | Farm |
| 22:49 | Create | Villager (Male) |
| 22:55 | Build | Farm |
| 23:02 | Research | Ballistics |
| 23:02 | Research | Ballistics |
| 23:07 | Create | Longbowman |
| 23:16 | Create | Villager (Male) |
| 23:20 | Create | Longbowman |
| 23:20 | Create | Longbowman |
| 23:31 | Create | Villager (Male) |
| 23:31 | Create | Villager (Male) |
| 23:42 | Create | Villager (Male) |
| 23:43 | Create | Villager (Male) |
| 23:45 | Create | Longbowman ×3 |
| 23:45 | Create | Longbowman ×3 |
| 23:55 | Build | Farm |
| 23:57 | Build | Lumber Camp |
| 24:01 | Create | Longbowman |
Build order — Redwood MC9
First 150 of 788 actions detected
| 0:01 | Create | Villager (Male) |
| 0:01 | Create | Villager (Male) |
| 0:02 | Build | House |
| 0:03 | Build | House |
| 0:04 | Build | House |
| 0:34 | Create | Villager (Male) |
| 0:35 | Create | Villager (Male) |
| 0:35 | Create | Villager (Male) |
| 1:29 | Create | Villager (Male) |
| 1:44 | Build | House |
| 1:45 | Build | Lumber Camp |
| 1:57 | Create | Villager (Male) |
| 2:24 | Create | Villager (Male) ×2 |
| 2:24 | Create | Villager (Male) ×2 |
| 3:00 | Create | Villager (Male) |
| 3:29 | Create | Villager (Male) ×2 |
| 3:29 | Create | Villager (Male) ×2 |
| 3:44 | Create | Villager (Male) |
| 3:56 | Build | House |
| 4:02 | Create | Villager (Male) ×2 |
| 4:40 | Build | Mining Camp |
| 5:07 | Create | Villager (Male) |
| 5:07 | Create | Villager (Male) |
| 5:07 | Create | Villager (Male) |
| 5:07 | Create | Villager (Male) |
| 5:10 | Create | Villager (Male) |
| 5:31 | Build | Mining Camp |
| 6:51 | Build | Mill |
| 7:28 | Build | House |
| 7:49 | Create | Villager (Male) |
| 7:49 | Create | Villager (Male) |
| 8:06 | Build | Farm |
| 8:08 | Build | Farm |
| 8:09 | Build | Farm |
| 8:20 | Research | Feudal Age |
| 8:53 | Build | Farm |
| 10:11 | Build | Barracks |
| 10:22 | Create | Villager (Male) |
| 10:22 | Create | Villager (Male) |
| 10:23 | Create | Villager (Male) |
| 10:56 | Age | Feudal Age |
| 11:10 | Build | Stable |
| 11:40 | Build | House |
| 12:08 | Create | Villager (Male) |
| 12:10 | Build | Blacksmith |
| 12:35 | Create | Villager (Male) |
| 12:48 | Research | Castle Age |
| 12:51 | Build | Farm |
| 12:53 | Build | Farm |
| 13:08 | Build | House |
| 13:09 | Build | House |
| 13:18 | Research | Double-Bit Axe |
| 13:51 | Research | Horse Collar |
| 14:29 | Create | Villager (Male) |
| 14:32 | Research | Fletching |
| 15:12 | Research | Loom |
| 15:12 | Create | Villager (Male) |
| 15:15 | Create | Villager (Male) |
| 15:41 | Age | Castle Age |
| 15:44 | Build | Castle |
| 15:52 | Research | Bodkin Arrow |
| 16:01 | Create | Villager (Male) |
| 16:19 | Build | Lumber Camp |
| 16:35 | Build | Farm |
| 16:38 | Build | Farm |
| 16:41 | Build | Farm |
| 16:43 | Create | Villager (Male) |
| 17:08 | Create | Villager (Male) |
| 17:16 | Create | Mangudai ×5 |
| 17:35 | Create | Villager (Male) |
| 17:53 | Create | Villager (Male) |
| 18:19 | Research | Bloodlines |
| 18:37 | Create | Villager (Male) |
| 18:46 | Build | Town Center |
| 18:49 | Create | Villager (Male) |
| 19:07 | Create | Mangudai |
| 19:07 | Create | Mangudai |
| 19:10 | Create | Villager (Male) |
| 19:49 | Build | University |
| 20:00 | Create | Mangudai |
| 20:00 | Create | Mangudai |
| 20:01 | Create | Villager (Male) |
| 20:01 | Create | Villager (Male) |
| 20:02 | Create | Villager (Male) |
| 20:02 | Create | Villager (Male) |
| 20:02 | Create | Villager (Male) |
| 20:08 | Research | Husbandry |
| 20:15 | Research | Padded Archer Armor |
| 20:38 | Create | Villager (Male) |
| 20:38 | Create | Villager (Male) |
| 21:20 | Build | Farm |
| 21:24 | Research | Ballistics |
| 21:29 | Create | Villager (Male) |
| 21:29 | Create | Villager (Male) |
| 21:29 | Create | Villager (Male) |
| 21:29 | Create | Villager (Male) |
| 21:37 | Create | Mangudai |
| 21:37 | Create | Mangudai |
| 21:47 | Create | Villager (Male) |
| 21:47 | Create | Villager (Male) |
| 22:44 | Create | Villager (Male) |
| 22:51 | Create | Mangudai |
| 22:51 | Create | Mangudai ×4 |
| 22:51 | Create | Mangudai ×3 |
| 23:01 | Create | Villager (Male) |
| 23:02 | Create | Villager (Male) |
| 23:13 | Create | Villager (Male) |
| 23:14 | Create | Villager (Male) |
| 23:21 | Build | Town Center |
| 23:32 | Research | Gold Mining |
| 23:35 | Build | Farm |
| 23:35 | Build | Farm |
| 23:35 | Build | Farm |
| 23:35 | Build | Farm |
| 23:35 | Build | Farm |
| 23:36 | Build | Farm |
| 23:36 | Build | Farm |
| 23:46 | Create | Villager (Male) |
| 23:54 | Build | House |
| 23:55 | Build | House |
| 23:55 | Build | House |
| 23:55 | Build | House |
| 24:14 | Create | Villager (Male) |
| 24:14 | Create | Villager (Male) |
| 24:14 | Create | Villager (Male) |
| 24:19 | Build | Archery Range |
| 24:23 | Build | Archery Range |
| 24:37 | Create | Villager (Male) |
| 24:41 | Create | Mangudai |
| 24:41 | Create | Mangudai ×4 |
| 24:41 | Create | Mangudai ×3 |
| 25:19 | Create | Villager (Male) |
| 25:19 | Create | Villager (Male) |
| 25:21 | Build | House |
| 25:22 | Build | House |
| 25:59 | Create | Mangudai |
| 26:00 | Create | Villager (Male) |
| 26:01 | Create | Villager (Male) |
| 26:01 | Create | Villager (Male) |
| 26:01 | Create | Villager (Male) |
| 26:08 | Build | Farm |
| 26:08 | Build | Farm |
| 26:09 | Build | Farm |
| 26:09 | Build | Farm |
| 26:09 | Build | Farm |
| 26:13 | Research | Heavy Plow |
| 26:28 | Create | Villager (Male) |
| 26:28 | Create | Villager (Male) |
| 26:30 | Build | Farm |
| 26:33 | Build | House |
Build order — Juunku
First 150 of 789 actions detected
| 0:01 | Create | Villager (Male) |
| 0:01 | Create | Villager (Male) |
| 0:02 | Create | Villager (Male) |
| 0:03 | Build | House |
| 0:04 | Build | House |
| 0:15 | Create | Villager (Male) |
| 0:27 | Create | Villager (Male) |
| 1:25 | Create | Villager (Male) |
| 1:26 | Create | Villager (Male) |
| 1:51 | Build | Lumber Camp |
| 2:05 | Create | Villager (Male) |
| 2:23 | Create | Villager (Male) |
| 2:23 | Create | Villager (Male) |
| 3:05 | Create | Villager (Male) |
| 3:38 | Create | Villager (Male) |
| 3:45 | Build | House |
| 3:49 | Build | House |
| 3:54 | Create | Villager (Male) |
| 4:21 | Create | Villager (Male) |
| 4:49 | Create | Villager (Male) |
| 4:57 | Build | Mill |
| 5:03 | Create | Villager (Male) |
| 5:32 | Create | Villager (Male) |
| 6:01 | Create | Villager (Male) |
| 6:24 | Research | Loom |
| 6:24 | Research | Loom |
| 6:27 | Research | Feudal Age |
| 6:27 | Research | Feudal Age |
| 7:23 | Build | Barracks |
| 7:31 | Build | House |
| 8:11 | Create | Villager (Male) |
| 8:11 | Create | Villager (Male) |
| 8:31 | Age | Feudal Age |
| 8:49 | Build | Stable |
| 9:10 | Research | Double-Bit Axe |
| 9:11 | Research | Double-Bit Axe |
| 9:25 | Research | Horse Collar |
| 9:25 | Research | Horse Collar |
| 9:34 | Create | Villager (Male) |
| 9:35 | Create | Scout Cavalry |
| 9:50 | Create | Villager (Male) |
| 9:51 | Create | Scout Cavalry |
| 9:55 | Build | House |
| 10:10 | Research | Loom |
| 10:10 | Research | Loom |
| 10:29 | Build | Farm |
| 10:30 | Build | Farm |
| 10:32 | Create | Villager (Male) |
| 10:34 | Create | Scout Cavalry |
| 10:43 | Create | Villager (Male) |
| 10:46 | Build | Farm |
| 10:49 | Build | Mining Camp |
| 10:52 | Build | Mining Camp |
| 10:56 | Create | Villager (Male) |
| 10:58 | Create | Scout Cavalry |
| 11:27 | Create | Villager (Male) |
| 11:31 | Build | House |
| 11:35 | Research | Wheelbarrow |
| 11:35 | Research | Wheelbarrow |
| 11:42 | Build | Farm |
| 11:42 | Build | Farm |
| 11:42 | Build | Farm |
| 12:05 | Create | Scout Cavalry |
| 12:13 | Build | House |
| 12:14 | Create | Villager (Male) |
| 12:15 | Build | Farm |
| 12:48 | Create | Scout Cavalry |
| 12:49 | Create | Villager (Male) |
| 12:59 | Build | House |
| 13:03 | Build | Farm |
| 13:08 | Create | Scout Cavalry |
| 13:10 | Build | Farm |
| 13:12 | Build | Farm |
| 13:13 | Build | Farm |
| 13:22 | Create | Villager (Male) |
| 13:25 | Build | House |
| 13:30 | Build | Farm |
| 13:43 | Create | Villager (Male) |
| 13:45 | Build | Farm |
| 13:51 | Build | Farm |
| 13:54 | Create | Villager (Male) |
| 14:23 | Create | Villager (Male) |
| 14:25 | Build | Farm |
| 14:58 | Build | Farm |
| 14:59 | Create | Villager (Male) |
| 15:10 | Build | House |
| 15:30 | Create | Villager (Male) |
| 15:34 | Build | Blacksmith |
| 15:46 | Build | Farm |
| 15:53 | Create | Villager (Male) |
| 16:14 | Build | Farm |
| 16:16 | Create | Villager (Male) |
| 16:25 | Build | Stable |
| 16:49 | Research | Castle Age |
| 16:49 | Research | Castle Age |
| 17:25 | Research | Scale Barding Armor |
| 17:26 | Research | Scale Barding Armor |
| 17:36 | Research | Bloodlines |
| 17:36 | Research | Bloodlines |
| 17:59 | Research | Gold Mining |
| 18:21 | Build | House |
| 18:37 | Research | Forging |
| 18:38 | Research | Forging |
| 19:07 | Create | Villager (Male) |
| 19:07 | Create | Villager (Male) |
| 19:14 | Age | Castle Age |
| 19:16 | Build | Town Center |
| 19:19 | Create | Knight |
| 19:19 | Create | Knight |
| 19:21 | Create | Camel Scout |
| 19:32 | Build | Town Center |
| 19:58 | Create | Knight |
| 20:01 | Research | Husbandry |
| 20:09 | Create | Camel Scout |
| 20:09 | Create | Knight |
| 20:11 | Create | Villager (Male) |
| 20:16 | Create | Knight |
| 20:20 | Create | Villager (Male) |
| 20:31 | Create | Villager (Male) |
| 20:37 | Create | Villager (Male) |
| 20:45 | Create | Knight |
| 20:49 | Create | Villager (Male) |
| 21:03 | Create | Villager (Male) |
| 21:05 | Build | Farm |
| 21:10 | Research | Bow Saw |
| 21:10 | Research | Bow Saw |
| 21:14 | Create | Knight |
| 21:19 | Create | Villager (Male) |
| 21:19 | Create | Villager (Male) |
| 21:22 | Create | Villager (Male) |
| 21:32 | Build | Farm |
| 21:35 | Build | Farm |
| 21:36 | Create | Villager (Male) |
| 21:56 | Build | Farm |
| 21:56 | Create | Villager (Male) |
| 22:01 | Build | Farm |
| 22:02 | Create | Villager (Male) |
| 22:05 | Create | Villager (Male) |
| 22:12 | Build | Farm |
| 22:19 | Create | Knight |
| 22:24 | Build | Farm |
| 22:24 | Build | Farm |
| 22:38 | Create | Knight |
| 22:38 | Create | Knight |
| 22:41 | Create | Villager (Male) |
| 22:41 | Create | Villager (Male) |
| 23:02 | Build | Farm |
| 23:03 | Build | Farm |
| 23:06 | Research | Chain Barding Armor |
| 23:07 | Research | Chain Barding Armor |
Build order — Lethe
First 150 of 598 actions detected
| 0:01 | Create | Villager (Male) ×4 |
| 0:03 | Build | House |
| 0:05 | Build | House |
| 1:29 | Build | Lumber Camp |
| 1:32 | Create | Villager (Male) |
| 1:32 | Create | Villager (Male) |
| 2:07 | Create | Villager (Male) |
| 2:22 | Create | Villager (Male) |
| 2:55 | Create | Villager (Male) |
| 3:21 | Create | Villager (Male) |
| 3:22 | Create | Villager (Male) |
| 3:48 | Create | Villager (Male) |
| 4:00 | Build | House |
| 4:04 | Build | House |
| 4:08 | Create | Villager (Male) |
| 4:08 | Create | Villager (Male) |
| 4:56 | Create | Villager (Male) |
| 5:07 | Build | Mining Camp |
| 5:20 | Create | Villager (Male) |
| 5:49 | Create | Villager (Male) |
| 6:15 | Create | Villager (Male) |
| 6:45 | Create | Villager (Male) |
| 7:15 | Create | Villager (Male) |
| 7:17 | Build | Mill |
| 7:49 | Research | Feudal Age |
| 8:08 | Build | Barracks |
| 8:56 | Research | Loom |
| 8:56 | Create | Villager (Male) |
| 9:15 | Build | House |
| 9:32 | Create | Villager (Male) |
| 9:59 | Age | Feudal Age |
| 10:02 | Build | Archery Range |
| 10:04 | Build | Archery Range |
| 10:17 | Build | Blacksmith |
| 10:27 | Create | Villager (Male) |
| 10:39 | Research | Double-Bit Axe |
| 11:12 | Create | Archer |
| 11:13 | Create | Archer |
| 11:39 | Create | Archer |
| 11:39 | Create | Archer |
| 11:40 | Create | Villager (Male) |
| 11:44 | Build | Farm |
| 11:44 | Build | Farm |
| 12:00 | Build | Farm |
| 12:02 | Build | Farm |
| 12:05 | Build | Farm |
| 12:06 | Create | Villager (Male) |
| 12:13 | Build | House |
| 12:31 | Research | Fletching |
| 12:40 | Build | House |
| 12:42 | Build | House |
| 12:44 | Build | House |
| 12:50 | Build | House |
| 12:51 | Create | Villager (Male) |
| 12:52 | Create | Archer |
| 12:52 | Create | Archer |
| 13:00 | Create | Villager (Male) |
| 13:02 | Build | Farm |
| 13:02 | Build | Farm |
| 13:07 | Build | Farm |
| 13:11 | Create | Villager (Male) |
| 13:21 | Create | Spearman |
| 13:37 | Build | Farm |
| 13:40 | Create | Archer |
| 13:40 | Create | Archer |
| 13:59 | Create | Villager (Male) |
| 14:04 | Build | Farm |
| 14:08 | Create | Villager (Male) |
| 14:11 | Create | Villager (Male) |
| 14:18 | Create | Archer |
| 14:18 | Create | Archer |
| 14:20 | Research | Horse Collar |
| 14:38 | Create | Villager (Male) |
| 14:51 | Build | House |
| 14:55 | Build | House |
| 14:58 | Build | House |
| 14:59 | Build | House |
| 15:00 | Create | Villager (Male) |
| 15:01 | Create | Villager (Male) |
| 15:02 | Create | Archer |
| 15:02 | Create | Archer |
| 15:14 | Build | Farm |
| 15:39 | Create | Villager (Male) |
| 15:40 | Create | Archer |
| 15:41 | Create | Archer |
| 16:00 | Build | Farm |
| 16:13 | Create | Villager (Male) |
| 16:25 | Research | Wheelbarrow |
| 16:26 | Create | Archer |
| 16:26 | Create | Archer |
| 16:44 | Build | House |
| 16:46 | Build | House |
| 17:07 | Create | Archer |
| 17:07 | Create | Archer |
| 17:55 | Build | House |
| 18:19 | Research | Castle Age |
| 18:28 | Build | Market |
| 18:44 | Build | House |
| 18:45 | Build | House |
| 18:45 | Build | House |
| 18:59 | Build | Watch Tower |
| 19:08 | Create | Archer |
| 19:09 | Create | Archer |
| 19:17 | Build | Archery Range |
| 19:22 | Create | Archer |
| 19:22 | Create | Archer |
| 20:56 | Create | Villager (Male) |
| 20:58 | Create | Villager (Male) |
| 20:59 | Age | Castle Age |
| 21:00 | Research | Gold Mining |
| 21:02 | Research | Bodkin Arrow |
| 21:13 | Research | Crossbowman (upgrade) |
| 21:15 | Create | Archer |
| 21:26 | Create | Villager (Male) |
| 21:34 | Build | Town Center |
| 21:39 | Build | Palisade Wall |
| 21:41 | Build | Palisade Wall |
| 21:46 | Create | Villager (Male) |
| 21:52 | Create | Archer |
| 21:52 | Create | Archer |
| 22:14 | Create | Archer |
| 22:16 | Create | Villager (Male) |
| 22:17 | Research | Gold Shaft Mining |
| 22:21 | Create | Archer |
| 22:25 | Build | University |
| 22:26 | Create | Villager (Male) |
| 22:33 | Create | Villager (Male) |
| 22:47 | Create | Villager (Male) |
| 22:53 | Create | Villager (Male) |
| 22:59 | Create | Villager (Male) |
| 23:00 | Create | Villager (Male) |
| 23:08 | Create | Archer ×4 |
| 23:34 | Build | Monastery |
| 23:45 | Create | Villager (Male) |
| 23:45 | Create | Villager (Male) |
| 24:00 | Research | Bow Saw |
| 24:12 | Create | Villager (Male) |
| 24:12 | Create | Villager (Male) |
| 24:13 | Create | Archer ×5 |
| 24:31 | Create | Villager (Male) |
| 24:37 | Build | Farm |
| 24:38 | Build | Farm |
| 24:50 | Create | Archer ×5 |
| 25:00 | Create | Monk |
| 25:11 | Create | Villager (Male) |
| 25:11 | Create | Villager (Male) |
| 25:37 | Create | Archer |
| 25:37 | Create | Archer ×3 |
| 25:39 | Create | Villager (Male) |
| 25:39 | Create | Villager (Male) |
Build order — 78088344
First 150 of 729 actions detected
| 0:01 | Create | Villager (Male) |
| 0:02 | Create | Villager (Male) |
| 0:04 | Build | House |
| 0:06 | Build | House |
| 0:54 | Create | Villager (Male) |
| 0:54 | Create | Villager (Male) |
| 1:40 | Create | Villager (Male) |
| 2:10 | Create | Villager (Male) |
| 2:18 | Build | Lumber Camp |
| 2:23 | Create | Villager (Male) |
| 2:36 | Create | Villager (Male) |
| 2:57 | Create | Villager (Male) |
| 2:57 | Create | Villager (Male) |
| 3:42 | Create | Villager (Male) |
| 3:53 | Build | House |
| 4:00 | Create | Villager (Male) |
| 4:17 | Create | Villager (Male) |
| 5:04 | Build | Mill |
| 5:08 | Create | Villager (Male) |
| 5:08 | Create | Villager (Male) |
| 5:27 | Create | Villager (Male) |
| 5:38 | Create | Villager (Male) |
| 6:01 | Build | House |
| 6:18 | Create | Villager (Male) |
| 6:51 | Create | Villager (Male) |
| 7:00 | Create | Villager (Male) |
| 7:01 | Create | Villager (Male) |
| 7:29 | Create | Villager (Male) |
| 7:55 | Research | Feudal Age |
| 7:59 | Build | Mining Camp |
| 8:13 | Build | Palisade Wall |
| 9:32 | Build | Farm |
| 10:16 | Age | Feudal Age |
| 10:21 | Build | Market |
| 10:24 | Build | Blacksmith |
| 10:28 | Create | Villager (Male) |
| 10:28 | Create | Villager (Male) |
| 11:20 | Research | Castle Age |
| 11:48 | Research | Double-Bit Axe |
| 11:49 | Research | Double-Bit Axe |
| 12:03 | Build | House |
| 12:30 | Research | Horse Collar |
| 12:47 | Build | Barracks |
| 12:51 | Create | Villager (Male) |
| 13:02 | Build | Farm |
| 13:37 | Build | Archery Range |
| 13:56 | Build | House |
| 14:00 | Age | Castle Age |
| 14:06 | Create | Villager (Male) |
| 14:11 | Research | Fletching |
| 14:16 | Create | Cavalry Archer |
| 14:17 | Create | Cavalry Archer |
| 14:24 | Build | Archery Range |
| 14:27 | Create | Villager (Male) |
| 14:48 | Create | Cavalry Archer |
| 14:54 | Build | House |
| 14:56 | Build | House |
| 15:04 | Build | Farm |
| 15:07 | Build | Farm |
| 15:18 | Create | Cavalry Archer |
| 15:18 | Create | Cavalry Archer |
| 15:26 | Build | Farm |
| 15:44 | Create | Cavalry Archer |
| 15:45 | Create | Cavalry Archer |
| 15:48 | Build | House |
| 15:51 | Create | Villager (Male) |
| 15:57 | Build | Farm |
| 16:00 | Build | Farm |
| 16:04 | Create | Cavalry Archer |
| 16:22 | Create | Villager (Male) |
| 16:28 | Build | House |
| 16:30 | Create | Cavalry Archer |
| 16:45 | Create | Villager (Male) |
| 16:59 | Build | Town Center |
| 17:03 | Create | Cavalry Archer |
| 17:04 | Create | Cavalry Archer |
| 17:26 | Create | Villager (Male) |
| 17:28 | Create | Villager (Male) |
| 17:33 | Create | Cavalry Archer |
| 17:38 | Build | Farm |
| 17:50 | Create | Villager (Male) |
| 17:54 | Build | House |
| 17:56 | Build | House |
| 18:16 | Create | Cavalry Archer |
| 18:18 | Create | Cavalry Archer |
| 18:22 | Build | Farm |
| 18:33 | Create | Villager (Male) |
| 18:33 | Create | Villager (Male) |
| 18:36 | Build | Farm |
| 18:37 | Build | Farm |
| 19:04 | Create | Villager (Male) |
| 19:12 | Build | University |
| 19:14 | Create | Cavalry Archer |
| 19:14 | Create | Cavalry Archer |
| 19:19 | Build | House |
| 19:20 | Build | House |
| 19:33 | Create | Villager (Male) |
| 19:34 | Create | Villager (Male) |
| 20:10 | Create | Villager (Male) |
| 20:11 | Create | Villager (Male) |
| 20:17 | Research | Bodkin Arrow |
| 20:17 | Research | Bodkin Arrow |
| 20:34 | Research | Ballistics |
| 20:34 | Research | Ballistics |
| 20:35 | Create | Villager (Male) |
| 20:38 | Build | Farm |
| 20:49 | Create | Cavalry Archer |
| 20:50 | Create | Cavalry Archer |
| 20:51 | Create | Villager (Male) |
| 20:54 | Build | House |
| 21:12 | Create | Villager (Male) |
| 21:13 | Create | Villager (Male) |
| 21:33 | Create | Villager (Male) |
| 21:34 | Create | Villager (Male) |
| 21:35 | Create | Cavalry Archer |
| 21:36 | Create | Cavalry Archer |
| 21:53 | Create | Villager (Male) |
| 22:00 | Build | Town Center |
| 22:03 | Build | Mining Camp |
| 22:04 | Create | Villager (Male) |
| 22:23 | Create | Cavalry Archer |
| 22:23 | Create | Cavalry Archer |
| 22:26 | Build | House |
| 22:27 | Build | House |
| 22:51 | Create | Villager (Male) |
| 22:51 | Create | Villager (Male) |
| 22:53 | Create | Cavalry Archer |
| 22:54 | Create | Cavalry Archer |
| 22:57 | Create | Villager (Male) |
| 23:01 | Build | Farm |
| 23:02 | Build | Farm |
| 23:27 | Create | Villager (Male) |
| 23:28 | Create | Villager (Male) |
| 23:29 | Create | Villager (Male) |
| 23:31 | Build | House |
| 23:32 | Build | House |
| 23:48 | Create | Villager (Male) |
| 23:50 | Create | Villager (Male) |
| 23:52 | Build | Farm |
| 23:54 | Build | Farm |
| 24:09 | Create | Villager (Male) |
| 24:12 | Build | Farm |
| 24:13 | Create | Villager (Male) |
| 24:25 | Create | Villager (Male) |
| 24:27 | Create | Cavalry Archer |
| 24:28 | Create | Cavalry Archer |
| 24:29 | Create | Cavalry Archer |
| 24:30 | Create | Cavalry Archer |
| 24:34 | Build | Town Center |
| 25:09 | Create | Villager (Male) |
Build order — Shelby Lane
First 150 of 594 actions detected
| 0:01 | Create | Villager (Male) |
| 0:01 | Create | Villager (Male) |
| 0:03 | Build | House |
| 0:04 | Build | House |
| 0:14 | Create | Villager (Male) |
| 0:14 | Create | Villager (Male) |
| 0:14 | Create | Villager (Male) |
| 1:23 | Create | Villager (Male) |
| 2:10 | Create | Villager (Male) |
| 2:30 | Create | Villager (Male) |
| 3:04 | Create | Villager (Male) |
| 3:34 | Build | House |
| 3:35 | Create | Villager (Male) |
| 3:41 | Build | House |
| 3:53 | Create | Villager (Male) |
| 4:10 | Build | Lumber Camp |
| 4:17 | Create | Villager (Male) |
| 4:28 | Create | Villager (Male) |
| 4:50 | Create | Villager (Male) |
| 5:30 | Create | Villager (Male) |
| 5:41 | Build | Mill |
| 5:45 | Create | Villager (Male) |
| 6:18 | Create | Villager (Male) |
| 6:40 | Create | Villager (Male) |
| 6:51 | Build | Mining Camp |
| 7:03 | Create | Villager (Male) |
| 7:23 | Create | Villager (Male) |
| 7:53 | Research | Feudal Age |
| 9:14 | Build | House |
| 9:22 | Build | Barracks |
| 9:30 | Create | Villager (Male) |
| 9:59 | Create | Villager (Male) |
| 10:01 | Age | Feudal Age |
| 10:16 | Build | Blacksmith |
| 10:38 | Create | Villager (Male) |
| 10:46 | Build | Stable |
| 11:34 | Research | Castle Age |
| 11:35 | Research | Castle Age |
| 11:44 | Research | Horse Collar |
| 12:00 | Build | Farm |
| 12:06 | Build | Farm |
| 12:40 | Research | Double-Bit Axe |
| 12:43 | Build | Farm |
| 12:47 | Build | Farm |
| 13:17 | Create | Villager (Male) |
| 13:22 | Build | Farm |
| 13:26 | Build | House |
| 13:28 | Build | House |
| 14:00 | Age | Castle Age |
| 14:02 | Create | Villager (Male) |
| 14:13 | Build | Town Center |
| 14:14 | Create | Knight |
| 14:30 | Build | Farm |
| 14:34 | Create | Villager (Male) |
| 14:36 | Create | Knight |
| 14:40 | Build | Farm |
| 15:03 | Create | Villager (Male) |
| 15:06 | Build | Farm |
| 15:10 | Create | Villager (Male) |
| 15:32 | Create | Villager (Male) |
| 15:38 | Build | Farm |
| 15:39 | Build | Farm |
| 15:44 | Research | Loom |
| 15:50 | Create | Villager (Male) |
| 15:57 | Build | Farm |
| 16:10 | Create | Villager (Male) |
| 16:13 | Build | Farm |
| 16:15 | Build | Farm |
| 16:27 | Build | Farm |
| 16:28 | Create | Villager (Male) |
| 16:40 | Create | Villager (Male) |
| 16:45 | Build | House |
| 16:46 | Build | House |
| 16:52 | Build | Farm |
| 16:58 | Create | Villager (Male) |
| 17:13 | Create | Villager (Male) |
| 17:39 | Build | House |
| 17:41 | Create | Villager (Male) |
| 17:45 | Build | House |
| 17:46 | Create | Villager (Male) |
| 18:00 | Create | Villager (Male) |
| 18:00 | Create | Villager (Male) |
| 18:04 | Build | Town Center |
| 18:19 | Create | Villager (Male) |
| 18:20 | Create | Villager (Male) |
| 18:30 | Create | Villager (Male) |
| 18:36 | Build | Farm |
| 18:37 | Create | Villager (Male) |
| 18:45 | Create | Villager (Male) |
| 19:04 | Create | Villager (Male) |
| 19:05 | Create | Villager (Male) |
| 19:21 | Build | Farm |
| 19:22 | Build | Farm |
| 19:30 | Build | Farm |
| 19:31 | Create | Villager (Male) |
| 19:31 | Create | Villager (Male) |
| 19:32 | Create | Villager (Male) |
| 19:39 | Create | Villager (Male) |
| 19:42 | Create | Villager (Male) |
| 19:48 | Build | Farm |
| 19:50 | Build | Farm |
| 20:01 | Create | Villager (Male) |
| 20:01 | Create | Villager (Male) |
| 20:05 | Build | Farm |
| 20:06 | Build | Farm |
| 20:09 | Create | Villager (Male) |
| 20:13 | Create | Villager (Male) |
| 20:22 | Create | Villager (Male) |
| 20:30 | Build | Farm |
| 20:32 | Build | Farm |
| 20:35 | Create | Villager (Male) |
| 20:38 | Create | Villager (Male) |
| 20:43 | Build | House |
| 20:44 | Build | House |
| 20:51 | Create | Villager (Male) |
| 20:55 | Build | Farm |
| 20:57 | Build | Farm |
| 20:58 | Create | Villager (Male) |
| 21:01 | Build | Farm |
| 21:05 | Create | Villager (Male) |
| 21:05 | Create | Villager (Male) |
| 21:08 | Build | Farm |
| 21:10 | Create | Villager (Male) |
| 21:15 | Build | House |
| 21:16 | Build | House |
| 21:20 | Create | Villager (Male) |
| 21:22 | Build | Farm |
| 21:31 | Create | Villager (Male) |
| 21:51 | Create | Villager (Male) |
| 21:53 | Create | Villager (Male) |
| 22:04 | Build | Siege Workshop |
| 22:05 | Create | Villager (Male) |
| 22:09 | Build | House |
| 22:10 | Create | Villager (Male) |
| 22:27 | Create | Villager (Male) |
| 22:46 | Research | Wheelbarrow |
| 22:46 | Create | Villager (Male) |
| 22:47 | Create | Villager (Male) |
| 22:50 | Build | House |
| 23:00 | Build | Stable |
| 23:01 | Create | Scorpion |
| 23:02 | Create | Villager (Male) |
| 23:03 | Create | Villager (Male) |
| 23:08 | Build | Farm |
| 23:12 | Build | Farm |
| 23:14 | Create | Villager (Male) |
| 23:16 | Build | Farm |
| 23:18 | Build | Farm |
| 23:18 | Build | Farm |
| 23:18 | Build | Farm |
Build order — fs.como voce passou no concurso
First 150 of 1325 actions detected
| 0:01 | Create | Villager (Male) |
| 0:01 | Create | Villager (Male) |
| 0:02 | Build | House |
| 0:03 | Build | House |
| 0:10 | Create | Villager (Male) |
| 0:12 | Create | Villager (Male) |
| 1:31 | Create | Villager (Male) |
| 1:32 | Create | Villager (Male) |
| 1:56 | Create | Villager (Male) |
| 1:59 | Build | Lumber Camp |
| 2:17 | Create | Villager (Male) |
| 2:17 | Create | Villager (Male) |
| 2:37 | Create | Villager (Male) |
| 2:37 | Create | Villager (Male) |
| 2:37 | Create | Villager (Male) |
| 3:07 | Build | House |
| 3:07 | Build | House |
| 3:16 | Create | Villager (Male) |
| 3:17 | Create | Villager (Male) |
| 3:47 | Create | Villager (Male) |
| 3:47 | Create | Villager (Male) |
| 3:51 | Create | Villager (Male) |
| 3:51 | Create | Villager (Male) |
| 4:21 | Create | Villager (Male) |
| 4:41 | Create | Villager (Male) |
| 4:41 | Create | Villager (Male) |
| 4:49 | Create | Villager (Male) |
| 5:12 | Create | Villager (Male) |
| 5:18 | Build | Barracks |
| 5:26 | Create | Villager (Male) |
| 5:26 | Create | Villager (Male) |
| 5:33 | Build | Palisade Wall |
| 5:40 | Build | House |
| 6:33 | Create | Villager (Male) |
| 7:17 | Research | Feudal Age |
| 7:35 | Create | Villager (Male) |
| 7:36 | Create | Villager (Male) |
| 7:39 | Create | Militia |
| 7:39 | Create | Militia |
| 7:45 | Build | Mining Camp |
| 8:04 | Create | Militia |
| 8:16 | Create | Militia |
| 8:23 | Build | Mill |
| 9:12 | Create | Villager (Male) |
| 9:22 | Create | Villager (Male) |
| 9:22 | Create | Villager (Male) |
| 9:27 | Age | Feudal Age |
| 9:29 | Create | Villager (Male) |
| 9:29 | Create | Villager (Male) |
| 9:32 | Research | Man-at-Arms (upgrade) |
| 9:32 | Create | Villager (Male) |
| 9:41 | Build | Archery Range |
| 9:46 | Create | Villager (Male) |
| 9:47 | Create | Villager (Male) |
| 10:06 | Research | Double-Bit Axe |
| 10:06 | Research | Double-Bit Axe |
| 10:26 | Build | House |
| 10:30 | Build | House |
| 10:32 | Build | House |
| 10:33 | Create | Villager (Male) |
| 10:36 | Create | Villager (Male) |
| 10:37 | Create | Villager (Male) |
| 10:52 | Build | Blacksmith |
| 10:56 | Create | Archer |
| 10:59 | Create | Villager (Male) |
| 10:59 | Create | Villager (Male) |
| 11:50 | Create | Villager (Male) |
| 11:50 | Create | Villager (Male) |
| 11:51 | Create | Villager (Male) |
| 12:04 | Create | Villager (Male) |
| 12:22 | Build | Market |
| 12:26 | Create | Villager (Male) |
| 12:28 | Build | Farm |
| 12:28 | Build | Farm |
| 12:30 | Build | Farm |
| 12:30 | Create | Villager (Male) |
| 12:31 | Build | House |
| 12:32 | Build | House |
| 12:51 | Create | Villager (Male) |
| 12:51 | Create | Villager (Male) |
| 12:59 | Build | Farm |
| 13:00 | Build | Farm |
| 13:01 | Build | Farm |
| 13:02 | Create | Villager (Male) |
| 13:12 | Build | Farm |
| 13:12 | Create | Villager (Male) |
| 13:28 | Research | Horse Collar |
| 13:30 | Create | Villager (Male) |
| 13:42 | Build | House |
| 13:42 | Build | House |
| 13:46 | Build | House |
| 13:54 | Create | Villager (Male) |
| 13:54 | Create | Villager (Male) |
| 14:01 | Build | Farm |
| 14:20 | Build | Farm |
| 14:20 | Create | Villager (Male) |
| 14:54 | Build | Mining Camp |
| 14:55 | Research | Loom |
| 15:01 | Build | House |
| 15:10 | Create | Villager (Male) |
| 15:23 | Build | Farm |
| 15:26 | Build | Farm |
| 15:27 | Build | House |
| 15:30 | Build | Farm |
| 15:44 | Research | Castle Age |
| 16:00 | Create | Villager (Male) |
| 16:00 | Create | Villager (Male) |
| 16:25 | Research | Fletching |
| 16:26 | Research | Fletching |
| 16:33 | Build | Archery Range |
| 17:00 | Create | Villager (Male) |
| 17:19 | Create | Villager (Male) |
| 17:37 | Build | Archery Range |
| 17:38 | Create | Villager (Male) |
| 17:38 | Create | Villager (Male) |
| 17:40 | Build | Farm |
| 17:43 | Build | Farm |
| 17:47 | Build | Farm |
| 18:24 | Age | Castle Age |
| 18:28 | Build | Town Center |
| 18:31 | Create | Villager (Male) |
| 18:35 | Create | Villager (Male) |
| 18:48 | Create | Spearman |
| 18:51 | Create | Spearman |
| 19:00 | Create | Villager (Male) |
| 19:02 | Research | Bow Saw |
| 19:02 | Research | Bow Saw |
| 19:06 | Create | Villager (Male) |
| 19:06 | Create | Villager (Male) |
| 19:14 | Create | Villager (Male) |
| 19:25 | Create | Villager (Male) |
| 19:45 | Research | Bodkin Arrow |
| 19:45 | Research | Bodkin Arrow |
| 19:50 | Create | Villager (Male) |
| 20:03 | Build | Farm |
| 20:04 | Create | Villager (Male) |
| 20:20 | Create | Villager (Male) |
| 20:20 | Create | Villager (Male) |
| 20:28 | Build | Town Center |
| 20:34 | Create | Elephant Archer |
| 20:34 | Create | Elephant Archer |
| 20:42 | Create | Skirmisher |
| 20:43 | Create | Skirmisher |
| 20:46 | Create | Skirmisher |
| 20:50 | Create | Skirmisher |
| 20:50 | Create | Elephant Archer |
| 20:51 | Create | Villager (Male) |
| 20:57 | Create | Villager (Male) |
| 20:58 | Build | Farm |
| 21:03 | Build | House |
Match timeline
| 5:18 | fs.como voce passou no concurso · first_building Barracks |
| 5:33 | fs.como voce passou no concurso · wall_segment Palisade Wall x1 |
| 7:23 | Juunku · first_building Barracks |
| 8:08 | Lethe · first_building Barracks |
| 8:13 | 78088344 · wall_segment Palisade Wall x1 |
| 8:31 | Juunku · age_up feudal |
| 8:49 | Juunku · first_building Stable |
| 9:22 | Shelby Lane · first_building Barracks |
| 9:27 | fs.como voce passou no concurso · age_up feudal |
| 9:38 | 钢铁兽 · wall_segment Palisade Wall x1 |
| 9:41 | fs.como voce passou no concurso · first_building Archery Range |
| 9:59 | Lethe · age_up feudal |
| 10:01 | Shelby Lane · age_up feudal |
| 10:02 | Lethe · first_building Archery Range |
| 10:11 | Redwood MC9 · first_building Barracks |
| 10:16 | 78088344 · age_up feudal |
| 10:36 | nice001 · age_up feudal |
| 10:46 | Shelby Lane · first_building Stable |
| 10:56 | Redwood MC9 · age_up feudal |
| 11:10 | Redwood MC9 · first_building Stable |
| 11:37 | nice001 · first_market_sell 100 wood |
| 11:49 | 钢铁兽 · age_up feudal |
| 12:12 | 钢铁兽 · first_building Barracks |
| 12:47 | 78088344 · first_building Barracks |
| 13:00 | 钢铁兽 · first_building Archery Range |
| 13:37 | 78088344 · first_building Archery Range |
| 14:00 | Shelby Lane · age_up castle |
| 14:00 | 78088344 · age_up castle |
| 14:08 | fs.como voce passou no concurso · first_market_buy 100 food |
| 14:14 | fs.como voce passou no concurso · first_market_sell 100 stone |
| 14:17 | nice001 · age_up castle |
| 15:41 | Redwood MC9 · age_up castle |
| 15:43 | 钢铁兽 · wall_segment Palisade Wall x1 |
| 15:44 | Redwood MC9 · first_building Castle |
| 17:16 | 钢铁兽 · age_up castle |
| 17:23 | 钢铁兽 · first_building Castle |
| 18:12 | 钢铁兽 · first_building Siege Workshop |
| 18:24 | fs.como voce passou no concurso · age_up castle |
| 18:46 | 钢铁兽 · first_market_buy 100 wood |
| 19:14 | Juunku · age_up castle |
| 20:59 | Lethe · age_up castle |
| 21:39 | Lethe · wall_segment Palisade Wall x1 |
| 21:41 | Lethe · wall_segment Palisade Wall x1 |
| 22:04 | Shelby Lane · first_building Siege Workshop |
| 22:05 | 钢铁兽 · first_market_sell 100 wood |
| 22:51 | fs.como voce passou no concurso · first_building Stable |
| 23:34 | Lethe · first_building Monastery |
| 23:48 | Juunku · first_building Monastery |
| 24:19 | Redwood MC9 · first_building Archery Range |
| 25:11 | nice001 · first_building Castle |
| 25:27 | fs.como voce passou no concurso · first_building Castle |
| 25:46 | nice001 · first_building Barracks |
| 26:28 | nice001 · first_building Stable |
| 26:54 | fs.como voce passou no concurso · first_building Monastery |
| 27:10 | Lethe · first_market_sell 100 stone |
| 27:49 | nice001 · first_building Siege Workshop |
| 27:56 | Juunku · first_market_sell 500 wood |
| 28:03 | Juunku · first_market_buy 100 wood |
| 29:57 | 78088344 · first_building Monastery |
| 29:58 | nice001 · age_up imperial |
| 30:44 | 78088344 · first_building Stable |
| 31:20 | 78088344 · first_market_sell 100 wood |
| 31:23 | 78088344 · first_market_buy 100 food |
| 31:39 | Shelby Lane · age_up imperial |
| 31:42 | Juunku · first_building Castle |
| 31:45 | Lethe · first_building Castle |
| 31:54 | Redwood MC9 · first_market_buy 100 food |
| 32:39 | Juunku · age_up imperial |
| 32:46 | Lethe · first_market_buy 100 stone |
| 33:04 | Redwood MC9 · first_building Siege Workshop |
| 33:47 | Shelby Lane · first_market_sell 100 food |
| 34:01 | Shelby Lane · tribute_sent a jugador 1 |
| 34:01 | Shelby Lane · tribute_sent a jugador 2 |
| 34:01 | Shelby Lane · tribute_sent a jugador 3 |
| 34:01 | Shelby Lane · tribute_sent a jugador 4 |
| 34:01 | Shelby Lane · tribute_sent a jugador 5 |
| 34:01 | Shelby Lane · tribute_sent a jugador 7 |
| 34:01 | Shelby Lane · tribute_sent a jugador 8 |
| 34:13 | 钢铁兽 · age_up imperial |
| 34:15 | Shelby Lane · tribute_sent a jugador 1 |
| 34:15 | Shelby Lane · tribute_sent a jugador 2 |
| 34:15 | Shelby Lane · tribute_sent a jugador 3 |
| 34:15 | Shelby Lane · tribute_sent a jugador 4 |
| 34:15 | Shelby Lane · tribute_sent a jugador 5 |
| 34:15 | Shelby Lane · tribute_sent a jugador 7 |
| 34:15 | Shelby Lane · tribute_sent a jugador 8 |
| 34:16 | Lethe · wall_segment Palisade Wall x1 |
| 34:23 | Juunku · wall_segment Stone Wall x8 |
| 34:29 | fs.como voce passou no concurso · age_up imperial |
| 34:39 | 钢铁兽 · tribute_sent a jugador 2 |
| 34:39 | 钢铁兽 · tribute_sent a jugador 3 |
| 34:39 | 钢铁兽 · tribute_sent a jugador 4 |
| 34:39 | 钢铁兽 · tribute_sent a jugador 5 |
| 34:39 | 钢铁兽 · tribute_sent a jugador 6 |
| 34:39 | 钢铁兽 · tribute_sent a jugador 7 |
| 34:39 | 钢铁兽 · tribute_sent a jugador 8 |
| 34:41 | 78088344 · first_building Siege Workshop |
| 34:43 | 78088344 · age_up imperial |
| 35:08 | Redwood MC9 · age_up imperial |
| 36:06 | Juunku · wall_segment Stone Wall x7 |
| 36:29 | 钢铁兽 · tribute_sent a jugador 2 |
| 36:29 | 钢铁兽 · tribute_sent a jugador 3 |
| 36:29 | 钢铁兽 · tribute_sent a jugador 4 |
| 36:29 | 钢铁兽 · tribute_sent a jugador 5 |
| 36:29 | 钢铁兽 · tribute_sent a jugador 6 |
| 36:29 | 钢铁兽 · tribute_sent a jugador 7 |
| 36:29 | 钢铁兽 · tribute_sent a jugador 8 |
| 37:04 | Lethe · age_up imperial |
| 40:02 | Shelby Lane · tribute_sent a jugador 1 |
| 40:02 | Shelby Lane · tribute_sent a jugador 2 |
| 40:02 | Shelby Lane · tribute_sent a jugador 3 |
| 40:02 | Shelby Lane · tribute_sent a jugador 4 |
| 40:02 | Shelby Lane · tribute_sent a jugador 5 |
| 40:02 | Shelby Lane · tribute_sent a jugador 7 |
| 40:02 | Shelby Lane · tribute_sent a jugador 8 |
| 40:21 | nice001 · wall_segment Stone Wall x20 |
| 40:30 | 钢铁兽 · tribute_sent a jugador 2 |
| 40:30 | 钢铁兽 · tribute_sent a jugador 3 |
| 40:30 | 钢铁兽 · tribute_sent a jugador 4 |
| 40:30 | 钢铁兽 · tribute_sent a jugador 5 |
| 40:30 | 钢铁兽 · tribute_sent a jugador 6 |
| 40:30 | 钢铁兽 · tribute_sent a jugador 7 |
| 40:30 | 钢铁兽 · tribute_sent a jugador 8 |
| 41:19 | 钢铁兽 · first_building Monastery |
| 41:59 | 78088344 · first_building Castle |
| 42:45 | Shelby Lane · tribute_sent a jugador 1 |
| 42:45 | Shelby Lane · tribute_sent a jugador 2 |
| 42:45 | Shelby Lane · tribute_sent a jugador 3 |
| 42:45 | Shelby Lane · tribute_sent a jugador 4 |
| 42:45 | Shelby Lane · tribute_sent a jugador 5 |
| 42:45 | Shelby Lane · tribute_sent a jugador 7 |
| 42:45 | Shelby Lane · tribute_sent a jugador 8 |
| 43:43 | 78088344 · tribute_sent a jugador 1 |
| 43:43 | 78088344 · tribute_sent a jugador 2 |
| 43:43 | 78088344 · tribute_sent a jugador 3 |
| 43:43 | 78088344 · tribute_sent a jugador 4 |
| 43:43 | 78088344 · tribute_sent a jugador 6 |
| 43:43 | 78088344 · tribute_sent a jugador 7 |
| 43:43 | 78088344 · tribute_sent a jugador 8 |
| 43:54 | Shelby Lane · tribute_sent a jugador 1 |
| 43:54 | Shelby Lane · tribute_sent a jugador 2 |
| 43:54 | Shelby Lane · tribute_sent a jugador 3 |
| 43:54 | Shelby Lane · tribute_sent a jugador 4 |
| 43:54 | Shelby Lane · tribute_sent a jugador 5 |
| 43:54 | Shelby Lane · tribute_sent a jugador 7 |
| 43:54 | Shelby Lane · tribute_sent a jugador 8 |
| 44:11 | Juunku · tribute_sent a jugador 1 |
| 44:11 | Juunku · tribute_sent a jugador 2 |
| 44:11 | Juunku · tribute_sent a jugador 4 |
| 44:11 | Juunku · tribute_sent a jugador 5 |
| 44:11 | Juunku · tribute_sent a jugador 6 |
| 44:11 | Juunku · tribute_sent a jugador 7 |
| 44:11 | Juunku · tribute_sent a jugador 8 |
| 45:32 | Juunku · wall_segment Stone Wall x17 |
| 45:35 | 钢铁兽 · tribute_sent a jugador 2 |
| 45:35 | 钢铁兽 · tribute_sent a jugador 3 |
| 45:35 | 钢铁兽 · tribute_sent a jugador 4 |
| 45:35 | 钢铁兽 · tribute_sent a jugador 5 |
| 45:35 | 钢铁兽 · tribute_sent a jugador 6 |
| 45:35 | 钢铁兽 · tribute_sent a jugador 7 |
| 45:35 | 钢铁兽 · tribute_sent a jugador 8 |
| 46:03 | Shelby Lane · tribute_sent a jugador 1 |
| 46:03 | Shelby Lane · tribute_sent a jugador 2 |
| 46:03 | Shelby Lane · tribute_sent a jugador 3 |
| 46:03 | Shelby Lane · tribute_sent a jugador 4 |
| 46:03 | Shelby Lane · tribute_sent a jugador 5 |
| 46:03 | Shelby Lane · tribute_sent a jugador 7 |
| 46:03 | Shelby Lane · tribute_sent a jugador 8 |
| 46:56 | nice001 · wall_segment Stone Wall x4 |
| 47:05 | fs.como voce passou no concurso · wall_segment Stone Wall x5 |
| 47:08 | Shelby Lane · wall_segment Palisade Wall x15 |
| 47:14 | fs.como voce passou no concurso · wall_segment Stone Wall x1 |
| 47:15 | fs.como voce passou no concurso · wall_segment Stone Wall x1 |
| 47:31 | fs.como voce passou no concurso · wall_segment Stone Wall x1 |
| 47:48 | Redwood MC9 · first_market_sell 100 stone |
| 48:49 | nice001 · first_building Archery Range |
| 50:48 | Shelby Lane · tribute_sent a jugador 1 |
| 50:48 | Shelby Lane · tribute_sent a jugador 2 |
| 50:48 | Shelby Lane · tribute_sent a jugador 3 |
| 50:48 | Shelby Lane · tribute_sent a jugador 4 |
| 50:48 | Shelby Lane · tribute_sent a jugador 5 |
| 50:48 | Shelby Lane · tribute_sent a jugador 7 |
| 50:48 | Shelby Lane · tribute_sent a jugador 8 |
| 50:58 | Shelby Lane · tribute_sent a jugador 1 |
| 50:58 | Shelby Lane · tribute_sent a jugador 2 |
| 50:58 | Shelby Lane · tribute_sent a jugador 3 |
| 50:58 | Shelby Lane · tribute_sent a jugador 4 |
| 50:58 | Shelby Lane · tribute_sent a jugador 5 |
| 50:58 | Shelby Lane · tribute_sent a jugador 7 |
| 50:58 | Shelby Lane · tribute_sent a jugador 8 |
| 51:23 | 78088344 · tribute_sent a jugador 1 |
| 51:23 | 78088344 · tribute_sent a jugador 2 |
| 51:23 | 78088344 · tribute_sent a jugador 3 |
| 51:23 | 78088344 · tribute_sent a jugador 4 |
| 51:23 | 78088344 · tribute_sent a jugador 6 |
| 51:23 | 78088344 · tribute_sent a jugador 7 |
| 51:23 | 78088344 · tribute_sent a jugador 8 |
| 52:04 | nice001 · wall_segment Stone Wall x8 |
| 52:53 | Shelby Lane · first_building Castle |
| 53:32 | Juunku · wall_segment Stone Wall x15 |
| 53:35 | Juunku · wall_segment Stone Wall x19 |
| 54:30 | Shelby Lane · tribute_sent a jugador 1 |
| 54:30 | Shelby Lane · tribute_sent a jugador 2 |
| 54:30 | Shelby Lane · tribute_sent a jugador 3 |
| 54:30 | Shelby Lane · tribute_sent a jugador 4 |
| 54:30 | Shelby Lane · tribute_sent a jugador 5 |
| 54:30 | Shelby Lane · tribute_sent a jugador 7 |
| 54:30 | Shelby Lane · tribute_sent a jugador 8 |
| 56:57 | 钢铁兽 · tribute_sent a jugador 2 |
| 56:57 | 钢铁兽 · tribute_sent a jugador 3 |
| 56:57 | 钢铁兽 · tribute_sent a jugador 4 |
| 56:57 | 钢铁兽 · tribute_sent a jugador 5 |
| 56:57 | 钢铁兽 · tribute_sent a jugador 6 |
| 56:57 | 钢铁兽 · tribute_sent a jugador 7 |
| 56:57 | 钢铁兽 · tribute_sent a jugador 8 |
| 57:26 | Shelby Lane · wall_segment Stone Wall x9 |
| 58:49 | Shelby Lane · wall_segment Stone Wall x1 |
| 59:01 | Shelby Lane · tribute_sent a jugador 1 |
| 59:01 | Shelby Lane · tribute_sent a jugador 2 |
| 59:01 | Shelby Lane · tribute_sent a jugador 3 |
| 59:01 | Shelby Lane · tribute_sent a jugador 4 |
| 59:01 | Shelby Lane · tribute_sent a jugador 5 |
| 59:01 | Shelby Lane · tribute_sent a jugador 7 |
| 59:01 | Shelby Lane · tribute_sent a jugador 8 |
| 59:08 | Shelby Lane · wall_segment Stone Wall x1 |
| 59:31 | Shelby Lane · tribute_sent a jugador 1 |
| 59:31 | Shelby Lane · tribute_sent a jugador 2 |
| 59:31 | Shelby Lane · tribute_sent a jugador 3 |
| 59:31 | Shelby Lane · tribute_sent a jugador 4 |
| 59:31 | Shelby Lane · tribute_sent a jugador 5 |
| 59:31 | Shelby Lane · tribute_sent a jugador 7 |
| 59:31 | Shelby Lane · tribute_sent a jugador 8 |
| 60:20 | Shelby Lane · tribute_sent a jugador 1 |
| 60:20 | Shelby Lane · tribute_sent a jugador 2 |
| 60:20 | Shelby Lane · tribute_sent a jugador 3 |
| 60:20 | Shelby Lane · tribute_sent a jugador 4 |
| 60:20 | Shelby Lane · tribute_sent a jugador 5 |
| 60:20 | Shelby Lane · tribute_sent a jugador 7 |
| 60:20 | Shelby Lane · tribute_sent a jugador 8 |
| 60:25 | nice001 · wall_segment Stone Wall x7 |
| 60:46 | Juunku · tribute_sent a jugador 1 |
| 60:46 | Juunku · tribute_sent a jugador 2 |
| 60:46 | Juunku · tribute_sent a jugador 4 |
| 60:46 | Juunku · tribute_sent a jugador 5 |
| 60:46 | Juunku · tribute_sent a jugador 6 |
| 60:46 | Juunku · tribute_sent a jugador 7 |
| 60:46 | Juunku · tribute_sent a jugador 8 |
| 60:50 | 78088344 · tribute_sent a jugador 1 |
| 60:50 | 78088344 · tribute_sent a jugador 2 |
| 60:50 | 78088344 · tribute_sent a jugador 3 |
| 60:50 | 78088344 · tribute_sent a jugador 4 |
| 60:51 | 78088344 · tribute_sent a jugador 6 |
| 60:51 | 78088344 · tribute_sent a jugador 7 |
| 60:51 | 78088344 · tribute_sent a jugador 8 |
| 62:15 | Juunku · wall_segment Stone Wall x20 |
| 62:33 | Shelby Lane · tribute_sent a jugador 1 |
| 62:33 | Shelby Lane · tribute_sent a jugador 2 |
| 62:33 | Shelby Lane · tribute_sent a jugador 3 |
| 62:33 | Shelby Lane · tribute_sent a jugador 4 |
| 62:33 | Shelby Lane · tribute_sent a jugador 5 |
| 62:33 | Shelby Lane · tribute_sent a jugador 7 |
| 62:33 | Shelby Lane · tribute_sent a jugador 8 |
| 63:26 | nice001 · tribute_sent a jugador 1 |
| 63:26 | nice001 · tribute_sent a jugador 2 |
| 63:26 | nice001 · tribute_sent a jugador 3 |
| 63:26 | nice001 · tribute_sent a jugador 4 |
| 63:26 | nice001 · tribute_sent a jugador 5 |
| 63:26 | nice001 · tribute_sent a jugador 6 |
| 63:26 | nice001 · tribute_sent a jugador 8 |
| 64:38 | nice001 · wall_segment Stone Wall x3 |
| 65:32 | fs.como voce passou no concurso · tribute_sent a jugador 1 |
| 65:32 | fs.como voce passou no concurso · tribute_sent a jugador 2 |
| 65:32 | fs.como voce passou no concurso · tribute_sent a jugador 3 |
| 65:32 | fs.como voce passou no concurso · tribute_sent a jugador 4 |
| 65:32 | fs.como voce passou no concurso · tribute_sent a jugador 5 |
| 65:32 | fs.como voce passou no concurso · tribute_sent a jugador 6 |
| 65:32 | fs.como voce passou no concurso · tribute_sent a jugador 7 |
| 66:29 | fs.como voce passou no concurso · tribute_sent a jugador 1 |
| 66:29 | fs.como voce passou no concurso · tribute_sent a jugador 2 |
| 66:29 | fs.como voce passou no concurso · tribute_sent a jugador 3 |
| 66:29 | fs.como voce passou no concurso · tribute_sent a jugador 4 |
| 66:29 | fs.como voce passou no concurso · tribute_sent a jugador 5 |
| 66:29 | fs.como voce passou no concurso · tribute_sent a jugador 6 |
| 66:29 | fs.como voce passou no concurso · tribute_sent a jugador 7 |
| 66:30 | Lethe · tribute_sent a jugador 1 |
| 66:30 | Lethe · tribute_sent a jugador 2 |
| 66:30 | Lethe · tribute_sent a jugador 3 |
| 66:30 | Lethe · tribute_sent a jugador 5 |
| 66:30 | Lethe · tribute_sent a jugador 6 |
| 66:30 | Lethe · tribute_sent a jugador 7 |
| 66:30 | Lethe · tribute_sent a jugador 8 |
| 67:11 | Redwood MC9 · tribute_sent a jugador 1 |
| 67:11 | Redwood MC9 · tribute_sent a jugador 3 |
| 67:11 | Redwood MC9 · tribute_sent a jugador 4 |
| 67:11 | Redwood MC9 · tribute_sent a jugador 5 |
| 67:11 | Redwood MC9 · tribute_sent a jugador 6 |
| 67:11 | Redwood MC9 · tribute_sent a jugador 7 |
| 67:11 | Redwood MC9 · tribute_sent a jugador 8 |
| 68:05 | Shelby Lane · wall_segment Stone Wall x1 |
| 69:18 | fs.como voce passou no concurso · resign |
[ AI ANALYSIS · 1 CREDIT ]
What really happened in this match?
Wolo.gg analyzes every decision: build order, eco, micro, common mistakes by bracket. Personalized analysis on WhatsApp or Discord in 30 seconds.
Civ guide
Teutons
Perfil
Jugador #17362031